 Dungeon Crawl Stone Soup version 0.20.0-7-g3b7b877 (webtiles) character file.

53 kuniqs the Digger (level 3, 0/18 HPs)
             Began as a Vine Stalker Earth Elementalist on May 29, 2017.
             Succumbed to an adder's poison
             ... on level 2 of the Dungeon.
             The game lasted 00:01:36 (781 turns).

kuniqs the Digger (Vine Stalker Earth Elementalist)  Turns: 781, Time: 00:01:37

Health: 0/18       AC:  2    Str: 11    XL:     3   Next: 87%
Magic:  7/7        EV: 13    Int: 15    God:
Gold:   97         SH:  0    Dex: 14    Spells: 5/6 levels left

rFire    . . .     SeeInvis .   l - +0 dagger (speed)
rCold    . . .     Gourm    .   (no shield)
rNeg     . . .     Faith    .   c - +0 robe
rPois    .         Spirit   +   (no helmet)
rElec    .         Reflect  .   (no cloak)
rCorr    .         Harm     .   (no gloves)
MR       .....                  (no boots)
Stlth    ++........             (no amulet)
Regen    0.1/turn               (no ring)
MPRegen  0.1/turn               (no ring)

@: lethally poisoned (0 -> -1), flying, very slightly contaminated, invisible
A: fangs 2, magic shield, antimagic bite, no potion heal 3, rot immunity
a: no special abilities


You were on level 2 of the Dungeon.
You were not hungry.

You visited 1 branch of the dungeon, and saw 2 of its levels.

You collected 97 gold pieces.

Inventory:

Hand Weapons
 l - a +0 dagger of speed (weapon)
Missiles
 b - 25 stones (quivered)
Armour
 c - a +0 robe (worn)
 i - a +0 scale mail
Scrolls
 f - 2 scrolls of identify {unknown}
 h - a scroll of remove curse {unknown}
Comestibles
 a - 2 chunks of flesh
 d - a bread ration
 e - a meat ration


   Skills:
 + Level 1.4 Fighting
 + Level 1.3 Armour
 + Level 2.3 Dodging
 - Level 2.4 Stealth
 - Level 2.1 Spellcasting
   Level 1.0 Transmutations
 - Level 3.0 Earth Magic


You had 5 spell levels left.
You knew the following spells:

 Your Spells              Type           Power        Failure   Level  Hunger
a - Sandblast             Erth           ##....       6%          1    #......


Dungeon Overview and Level Annotations

Branches:
Dungeon (2/15)

Altars:


Innate Abilities, Weirdness & Mutations

You have extremely sharp teeth.
When hurt, damage is shared between your health and your magic reserves.
Your bite disrupts and absorbs the magic of your enemies.
Potions cannot restore your health.
You are immune to rotting.


Message History

It was a potion of invisibility.
You fade into invisibility!
You are very lightly contaminated with residual magic.
It was a potion of ambrosia.
You are confused.
Your system rejects the healing.
You feel invigorated.
* * * LOW HITPOINT WARNING * * *
You feel sick.
* * * LOW HITPOINT WARNING * * *
You feel sick.
You feel less invigorated.
You feel less confused.
Some of the chunks of flesh in your inventory have rotted away.
There is a lethal amount of poison in your body!
* * * LOW HITPOINT WARNING * * *
You feel sick.
Things that are here:
a club; a hobgoblin corpse
Found a tubular granite ring.
You die...

♣≈ ≈≈ .≈≈≈♣♣
.≈♣≈≈..≈≈♣#. .#
.#≈♣≈..♣♣##. .##
...≈≈....... #..
#.#♣≈.......## ..
#......... ..##.# .
#..#.###.# #.#..# ...
.....###.###.#.####..#
##....##.#......@....#
#...........##)#.###.#
....#...)...##.#=#
..#####..#..##.#..
.... #......#.##..
#.#. ##.##....# ##.
#.# #.###.... .# ..#
#.# ..... # ..# .....


There were no monsters in sight!

Vanquished Creatures
  3 adders (D:2)
  3 dart slugs (D:1)
  A leopard gecko (D:1)
  3 goblins
  3 hobgoblins
  A kobold (D:1)
  3 bats (D:1)
  A frilled lizard (D:1)
  2 rats (D:1)
20 creatures vanquished.

Notes
Turn   | Place    | Note
-------+----------+-------------------------------------------
     0 | D:1      | kuniqs the Vine Stalker Earth Elementalist began the quest for the Orb.
     0 | D:1      | Reached XP level 1. HP: 9/9 MP: 4/4
   156 | D:1      | Reached XP level 2. HP: 13/14 MP: 6/6
   456 | D:1      | Reached skill level 1 in Fighting
   662 | D:2      | Reached skill level 1 in Armour
   662 | D:2      | Reached XP level 3. HP: 18/18 MP: 4/7
   781 | D:2      | Succumbed to an adder's poison

Skill      XL: |  1  2 |
---------------+-------+-----
Fighting       | 1 |  1.4
Dodging        | 2 |  2.3
Armour         | 1 |  1.3
Stealth        | |  2.4
Spellcasting   | |  2.1
Transmutations | |  1.0
Earth Magic    | |  3.0

Action                   || total
-------------------------++-------
Melee: Dagger            ||    48
       Bite              ||    13
       Unarmed           ||     1
 Cast: Sandblast         ||    22
  Use: Potion            ||     3
Armor: Robe              ||     8
       Scale mail        ||     7
Dodge: Dodged            ||    34
